 Dungeon Crawl Stone Soup version 0.30.1-9-gdf580d7c3d (webtiles) character file.

Game seed: 13909826141008994720

102 jtron the Magician (level 4, 41/41 HPs)
             Began as a Gnoll Wanderer on Sept 27, 2023.
             Quit the game on level 3 of the Dungeon.
             The game lasted 00:04:59 (1492 turns).

jtron the Magician (Gnoll Wanderer)                 Turns: 1492, Time: 00:04:59

Health: 41/41      AC:  2    Str:  8    XL:     4   Next: 78%
Magic:  13/13      EV: 12    Int: 13    God:
Gold:   188        SH:  0    Dex: 15    Spells: 16/17 levels left

rFire   . . .        a - +3 falchion
rCold   . . .        (no shield)
rNeg    . . .        c - +0 robe
rPois   .            (no helmet)
rElec   .            (no cloak)
rCorr   .            (no gloves)
SInv    .            (no boots)
Will    .....        (no amulet)
Stlth   ++           (no ring)
HPRegen 0.26/turn    (no ring)
MPRegen 0.13/turn

%: no passive effects
@: no status effects
A: fangs 1, strong nose, distributed training
a: no special abilities


You were on level 3 of the Dungeon.
You visited 1 branch of the dungeon, and saw 3 of its levels.

You collected 188 gold pieces.

Inventory:

Hand Weapons
 a - a +3 falchion (weapon)
 b - a +0 sling
Missiles
 d - 23 stones
 p - 5 poisoned darts
Armour
 c - a +0 robe (worn)
Scrolls
 e - 2 scrolls of amnesia {unknown}
 f - 2 scrolls of blinking {unknown}
 g - a scroll of teleportation {unknown}
 h - a scroll of silence {unknown}
 l - 3 scrolls of identify {unknown}
 m - a scroll of brand weapon {unknown}
 o - a scroll of fear
 r - a scroll of fog {unknown}
 t - a scroll of poison {unknown}
Potions
 i - a potion of heal wounds
 j - a potion of magic {unknown}
 k - a potion of attraction {unknown}
 n - a potion of lignification {unknown}
 q - a potion of brilliance {unknown}
 s - a potion of mutation {unknown}


   Skills:
 + Level 6.6 Fighting
 + Level 1.3 Short Blades
 + Level 4.7 Long Blades
 + Level 1.3 Axes
 + Level 1.3 Maces & Flails
 + Level 1.3 Polearms
 + Level 1.3 Staves
 + Level 1.3 Ranged Weapons
 + Level 1.3 Throwing
 + Level 1.3 Armour
 + Level 1.3 Dodging
 + Level 1.3 Stealth
 + Level 1.3 Shields
 + Level 1.3 Unarmed Combat
 + Level 7.2 Spellcasting
 + Level 1.0 Conjurations
 + Level 1.0 Hexes
 + Level 1.0 Summonings
 + Level 1.0 Necromancy
 + Level 1.0 Translocations
 + Level 1.0 Transmutations
 + Level 3.9 Fire Magic
 + Level 1.0 Ice Magic
 + Level 1.0 Air Magic
 + Level 1.0 Earth Magic
 + Level 1.0 Poison Magic
 + Level 1.4 Invocations
 + Level 1.3 Evocations


You had 16 spell levels left.
You knew the following spells:

 Your Spells              Type           Power      Damage    Failure   Level
a - Foxfire               Conj/Fire      44%        2x1d6     5%          1

Your spell library contained the following spells:

 Spells                   Type           Power      Damage    Failure   Level
 Volatile Blastmotes      Fire/Tloc      22%        2d11      16%         3


Dungeon Overview and Level Annotations

Branches:
Dungeon (3/15)

Altars:

Shops:
D:2 (


Innate Abilities, Weirdness & Mutations

You have very sharp teeth.
Your uncanny sense of smell can sniff out nearby items.
Your experience applies equally to all skills.


Message History

The adder is almost dead.
The adder closely misses you.
You slash the adder!
You kill the adder!
You hit the kobold.
You kill the kobold!
No target in view!
No target in view!
No target in view!
HP restored.
d - 18 stones (gained 1)
You see here a +0 whip.
There is a stone staircase leading up here.
Found a stone staircase leading up.
You now have 188 gold pieces (gained 12).
You open the large door.
A rat comes into view.
Found a golden potion.
A rat is nearby!
There is a large open door here.
There is a large open door here.
The helpless rat fails to defend itself.
You hit the rat.
You kill the rat!
No target in view!
s - a golden potion
Found a stone staircase leading down.
d - 23 stones (gained 5)
t - a scroll labelled SUETORGH ROARIM
Found a falchion.
e - 2 scrolls labelled FIRAOTO PEDO (gained 1)
You see here a +0 falchion.
Found a short sword.
You see here a staff of cold.
An orc comes into view. It is wielding a +0 dagger.
An orc is nearby!
Found a mace.
Unknown command.
Unknown command.
Are you sure you want to abandon this character and quit the game? (Confirm with "yes".)

....#.#.#.###....
.........).##. .. ......
###.#.#.#.###. .....). .
#........##.####.......
.##.#.#.#.##.....#.......
........................#
.####.#.#.#............#
....................#..#
....# #.#.#.....@.....#
..... #.......###...#.#
.######.......##......#
)..................##.# ∆
.######...............#
......................#
..#####.....#.####.....#
..#####.|...#+# .....#
................ ......#


There were no monsters in sight!

Vanquished Creatures
  Jessica (D:2)
  A gnoll (D:1)
  3 adders
  A ball python (D:2)
  2 bats (D:2)
  3 endoplasms
  A giant cockroach (D:2)
  4 goblins
  5 hobgoblins (D:2)
  2 jackals (D:1)
  2 quokkas (D:2)
  2 frilled lizards
  10 kobolds
  3 rats
40 creatures vanquished.

Vanquished Creatures (others)
  4 foxfires (D:2)
4 creatures vanquished.

Grand Total: 44 creatures vanquished

Notes
Turn   | Place    | Note
-------+----------+-------------------------------------------
     0 | D:1      | jtron the Gnoll Wanderer began the quest for the Orb.
     0 | D:1      | jtron set off with the following items: a +3 falchion, a
                  | scroll of fear, a +0 robe; and the following spell
                  | memorised: Foxfire; and the following spells available to
                  | memorise: Volatile Blastmotes.
     0 | D:1      | Reached XP level 1. HP: 23/23 MP: 8/8
   145 | D:1      | Reached XP level 2. HP: 29/29 MP: 10/10
   485 | D:2      | Noticed Jessica
   495 | D:2      | Killed Jessica
   496 | D:2      | Reached skill level 1 in Short Blades
   496 | D:2      | Reached skill level 1 in Axes
   496 | D:2      | Reached skill level 1 in Maces & Flails
   496 | D:2      | Reached skill level 1 in Polearms
   496 | D:2      | Reached skill level 1 in Staves
   496 | D:2      | Reached skill level 1 in Ranged Weapons
   496 | D:2      | Reached skill level 1 in Throwing
   496 | D:2      | Reached skill level 1 in Armour
   496 | D:2      | Reached skill level 1 in Dodging
   496 | D:2      | Reached skill level 1 in Stealth
   496 | D:2      | Reached skill level 1 in Shields
   496 | D:2      | Reached skill level 1 in Unarmed Combat
   496 | D:2      | Reached skill level 1 in Invocations
   496 | D:2      | Reached skill level 1 in Evocations
   496 | D:2      | Reached XP level 3. HP: 35/35 MP: 11/11
   695 | D:2      | Reached XP level 4. HP: 27/41 MP: 13/13
   963 | D:2      | Reached skill level 1 in Conjurations
   963 | D:2      | Reached skill level 1 in Hexes
   963 | D:2      | Reached skill level 1 in Summonings
   963 | D:2      | Reached skill level 1 in Necromancy
   963 | D:2      | Reached skill level 1 in Translocations
   963 | D:2      | Reached skill level 1 in Transmutations
   963 | D:2      | Reached skill level 1 in Ice Magic
   963 | D:2      | Reached skill level 1 in Air Magic
   963 | D:2      | Reached skill level 1 in Earth Magic
   963 | D:2      | Reached skill level 1 in Poison Magic
  1271 | D:2      | Found Houtwo's Weapon Boutique.
  1492 | D:3      | Quit the game

Illustrated notes

Levels and vault maps discovered:
D:1:      wander_arrival_chamber, layout_rooms, hangedman_decor_peaks_small
D:2:      layout_basic, serial_shops, shop, uniq_jessica
D:3:      layout_basic, solitary_fountain, st_stairs_12,
          minmay_randomly_rotated_circles, uniq_crazy_yiuf_cottage

Skill      XL: |  1  2  3  4 |
---------------+-------------+-----
Short Blades   | 1 |  1.3
Axes           | 1 |  1.3
Maces & Flails | 1 |  1.3
Polearms       | 1 |  1.3
Staves         | 1 |  1.3
Ranged Weapons | 1 |  1.3
Throwing       | 1 |  1.3
Armour         | 1 |  1.3
Dodging        | 1 |  1.3
Stealth        | 1 |  1.3
Shields        | 1 |  1.3
Unarmed Combat | 1 |  1.3
Invocations    | 1 |  1.4
Evocations     | 1 |  1.3
Conjurations   | 1 |  1.0
Hexes          | 1 |  1.0
Summonings     | 1 |  1.0
Necromancy     | 1 |  1.0
Translocations | 1 |  1.0
Transmutations | 1 |  1.0
Ice Magic      | 1 |  1.0
Air Magic      | 1 |  1.0
Earth Magic    | 1 |  1.0
Poison Magic   | 1 |  1.0
Fighting       | |  6.6
Long Blades    | |  4.7
Spellcasting   | |  7.2
Fire Magic     | |  3.9

Action                     |  1- 3 |  4- 6 || total
---------------------------+-------+-------++-------
  Melee: Falchion          |    43 |    48 ||    91
         Bite              |     7 |     5 ||    12
   Cast: Foxfire           |     1 |     3 ||     4
    Use: Potion            |     1 |       ||     1
   Stab: Sleeping          |       |     5 ||     5
 Armour: Robe              |     4 |     3 ||     7
  Dodge: Dodged            |    28 |    23 ||    51
